 Dungeon Crawl Stone Soup version 0.28-a0-1002-gf00fe891ef (webtiles) character file.

Game seed: 12427424337574417239

226 Umoon the Ruffian (level 5, -2/41 HPs)
             Began as a Demonspawn Gladiator on Dec 6, 2021.
             Slain by Pikel (4 damage)
             ... on level 3 of the Dungeon.
             The game lasted 00:03:26 (3731 turns).

Umoon the Ruffian (Demonspawn Gladiator)            Turns: 3731, Time: 00:03:27

Health: -2/41      AC:  7    Str: 17    XL:     5   Next: 69%
Magic:  5/5        EV: 15    Int: 11    God:
Gold:   135        SH:  0    Dex: 14    Spells: 4/4 levels left

rFire   . . .      SeeInvis .     - Unarmed
rCold   . . .      Faith    +   (no shield)
rNeg    . . .      Spirit   .   f - +0 scale mail
rPois   .          Reflect  .   b - +0 helmet
rElec   .          Harm     .   (no cloak)
rCorr   .          Rampage  .   (no gloves)
Will    .....                   (no boots)
Stlth   ..........              m - amulet of faith
HPRegen 0.13/turn               l - +4 ring of evasion
MPRegen 0.09/turn               (no ring)

@: no status effects
A: claws 1, big brain 1
a: no special abilities


You were on level 3 of the Dungeon.
You visited 1 branch of the dungeon, and saw 4 of its levels.

You collected 135 gold pieces.

Inventory:

Missiles
 c - 3 throwing nets (quivered)
Armour
 a - a +0 leather armour
 b - a +0 helmet (worn)
 f - a +0 scale mail (worn)
Jewellery
 l - a +4 ring of evasion (left claw)
 m - an amulet of faith (around neck)
Scrolls
 d - 2 scrolls of magic mapping {unknown}
 g - a scroll of brand weapon {unknown}
 i - 2 scrolls of identify {unknown}
 j - a scroll of vulnerability {unknown}
 k - a scroll of amnesia {unknown}
 n - a scroll of immolation {unknown}
Potions
 e - 2 potions of heal wounds {unknown}
 h - 2 potions of might {unknown}


   Skills:
 + Level 3.3 Fighting
 - Level 1.7 Throwing
 + Level 2.3 Armour
 + Level 3.7 Dodging
 + Level 3.7 Unarmed Combat


You had 4 spell levels left.
You didn't know any spells.
Your spell library contained the following spells:

 Spells                   Type           Power      Damage    Failure   Level
 Foxfire                  Conj/Fire      0%         2x1d4     75%         1
 Magic Dart               Conj           0%         1d3       75%         1
 Call Imp                 Summ           0%         N/A       87%         2
 Conjure Flame            Conj/Fire      0%         6-21      98%         3
 Inner Flame              Hex/Fire       0%         N/A       98%         3
 Mephitic Cloud           Conj/Pois/Air  0%         N/A       98%         3
 Flame Wave               Conj/Fire      0%         2d4       100%        4


Dungeon Overview and Level Annotations

Branches:
Dungeon (4/15)
 Temple: D:4-7

Altars:

Annotations:
D:3 Pikel


Innate Abilities, Weirdness & Mutations

You have sharp fingernails.
You have an unusually large brain. (Int +2)


Message History

You scratch Pikel.
Pikel is lightly wounded.
Pikel hits you with a +1 whip of freezing.
Pikel freezes you.
You barely miss Pikel.
Pikel is lightly wounded.
Pikel hits you with a +1 whip of freezing!
Pikel freezes you.
You scratch Pikel.
Pikel is lightly wounded.
Pikel hits you with a +1 whip of freezing.
Pikel freezes you.
You scratch Pikel.
Pikel is lightly wounded.
Pikel hits you with a +1 whip of freezing.
Pikel freezes you.
You claw Pikel!
Pikel is moderately wounded.
Pikel misses you.
You barely miss Pikel.
Pikel is moderately wounded.
Pikel misses you.
You barely miss Pikel.
Pikel is moderately wounded.
Pikel hits you with a +1 whip of freezing.
* * * LOW HITPOINT WARNING * * *
Pikel freezes you.
* * * LOW HITPOINT WARNING * * *
You barely miss Pikel.
Pikel is moderately wounded.
Pikel misses you.
You scratch Pikel.
Pikel is moderately wounded.
Pikel barely misses you.
You scratch Pikel.
Pikel is heavily wounded.
Pikel hits you with a +1 whip of freezing!
* * * LOW HITPOINT WARNING * * *
Pikel freezes you.
You die...

####.#######.#..........#########
#.#....##.'..........# #
####.####.####..........# #
...#....................#
...###.................## ...#
#.<..####.........# ...# #....#
#..........# ...# #....#
#..K.......# '### #....#
#...@......# .# #....#
#.#.......## <# ######
#.#.####### .# #.#.# .#
######+#.# '#######........#
.......#........# #######
.......#........# #...#..
.......######'..# #.#.#.#


You could see Pikel.

Vanquished Creatures
  A lemure (D:3)
  A scorpion (D:3)
  A centaur skeleton (D:3)
  4 gnolls (D:4)
  3 adders
  A worm (D:3)
  A dart slug (D:2)
  2 orcs
  9 endoplasms
  3 giant cockroaches
  4 goblins
  10 hobgoblins
  4 jackals (D:3)
  3 kobolds
  2 quokkas
  8 ball pythons
  5 bats
  3 frilled lizards
  4 rats
69 creatures vanquished.

Vanquished Creatures (others)
  4 toadstools (D:1)
4 creatures vanquished.

Grand Total: 73 creatures vanquished

Notes
Turn   | Place    | Note
-------+----------+-------------------------------------------
     0 | D:1      | Umoon the Demonspawn Gladiator began the quest for the Orb.
     0 | D:1      | Reached XP level 1. HP: 16/16 MP: 1/1
   120 | D:1      | Gained mutation: You have sharp fingernails. [demonic
                  | ancestry]
   120 | D:1      | Reached XP level 2. HP: 12/22 MP: 2/2
   386 | D:1      | Found a faded altar of an unknown god.
   817 | D:2      | Reached skill level 1 in Armour
  1080 | D:2      | Reached XP level 3. HP: 23/28 MP: 3/3
  1847 | D:3      | Gained mutation: You have an unusually large brain. (Int
                  | +2) [demonic ancestry]
  1847 | D:3      | Reached XP level 4. HP: 28/34 MP: 4/4
  2238 | D:3      | Noticed a scorpion
  2265 | D:3      | Killed a scorpion
  2266 | D:3      | Reached XP level 5. HP: 23/41 MP: 5/5
  3225 | D:4      | Noticed a lemure
  3429 | D:3      | Killed a lemure
  3587 | D:4      | Noticed Pikel
  3719 | D:4      | Noticed a lemure
  3720 | D:4      | Noticed a lemure
  3731 | D:3      | HP: 2/41 [Pikel (8)]
  3731 | D:3      | Slain by Pikel

Illustrated notes

Levels and vault maps discovered:
D:1:      ldierk_water_garden, layout_basic,
          dreamdust_ecumenical_altar_angels_and_demons,
          minmay_misc_feat_four_crosses
D:2:      layout_basic
D:3:      layout_basic, bh_walls_and_bars
D:4:      layout_rooms, uniq_pikel

Skill      XL: |  1  2  3  4 |
---------------+-------------+-----
Armour         | 1 2 |  2.3
Dodging        | 3 |  3.7
Unarmed Combat | 3 |  3.7
Fighting       | 3 |  3.3
Throwing       | |  1.7

Action                   |  1- 3 |  4- 6 || total
-------------------------+-------+-------++-------
Melee: Unarmed           |   129 |   140 ||   269
       Punch             |     1 |     2 ||     3
Armor: Leather armour    |    10 |       ||    10
       Scale mail        |    37 |    43 ||    80
Dodge: Dodged            |    57 |    85 ||   142

Table legend: (Time is in decaauts)
 A = Elapsed time spent in this place.
 B = Non-inter-level travel time spent in this place.
 C = Inter-level travel time spent in this place.
 D = Time resting spent in this place.
 E = Time spent auto-exploring this place.
 F = Levels seen in this place.
 G = Mean time per level.
                   A        B        C        D        E       F      G
               +--------+--------+--------+--------+--------+-----+--------+
         Total |   3722 |   3679 |     43 |   1140 |   1997 |   4 |  930.5 |
       Dungeon |   3722 |   3679 |     43 |   1140 |   1997 |   4 |  930.5 |
               +--------+--------+--------+--------+--------+-----+--------+

Top non-repeatable levels by time:
     D:3: 1707 daAuts
     D:2: 1045 daAuts
     D:1: 775 daAuts
     D:4: 193 daAuts
